 Dungeon Crawl Stone Soup version 0.19-a0-1732-g0b18a7b (webtiles) character file.

20514 4thArraOfDagon the Carver (level 12, -1/108 HPs)
             Began as a Minotaur Monk on Sept 30, 2016.
             Was a High Priest of Okawaru.
             Killed from afar by a hell hound (13 damage)
             ... with a blast of flame
             ... on level 6 of the Lair of Beasts.
             The game lasted 00:23:16 (4007 turns).

4thArraOfDagon the Carver (Minotaur Monk)           Turns: 4007, Time: 00:23:17

Health: -1/108     AC: 13    Str: 15    XL:     12   Next: 46%
Magic:  5/17       EV: 21    Int:  7    God:    Okawaru [*****.]
Gold:   1121       SH:  0    Dex: 22    Spells: 2 memorised, 7 levels left

rFire  . . .     SeeInvis +     C - +2 scimitar (flame)
rCold  . . .     Gourm    .     S - +2 scale mail {rPois}
rNeg   . . .     Faith    +     (no shield)
rPois  +         Spirit   .     J - +0 hat {SInv}
rElec  .         Dismiss  .     y - +0 cloak
rCorr  .         Reflect  .     (no gloves)
MR     +....     Harm     .     (no boots)
Stlth  ++........ Rnd*Rage +    T - amulet of faith
                                K - ring "Pumuc" {*Drain rPois Dex+3}
                                w - ring of protection from magic

@: heroism, finesse
A: retaliatory headbutt, horns 2, berserk 1
a: Heroism, Finesse, Renounce Religion


You were on level 6 of the Lair of Beasts.
You worshipped Okawaru.
Okawaru was extremely pleased with you.
You were not hungry.

You visited 2 branches of the dungeon, and saw 17 of its levels.
You also visited: Bailey.

You collected 1121 gold pieces.

Inventory:

Hand Weapons
 a - a +0 falchion
 h - the +9 flail "Itukk" {speed, Str+4 Int+7, unknown}
   (You found it on level 7 of the Dungeon)

   Attacks with this weapon are significantly faster.
   It affects your strength (+4).
   It affects your intelligence (+7).
 o - a +1 long sword
 q - a -2 great sword
 u - a +0 great sword
 C - a +2 scimitar of flaming (weapon)
 F - a +2 great sword
 O - a +0 halberd
 Y - a +0 great sword of flaming
Missiles
 p - 2 curare-tipped needles
 D - 7 throwing nets (quivered)
Armour
 b - a +0 robe
 e - a +1 chain mail
 k - a +0 plate armour
 y - a +0 cloak (worn)
 z - a +1 scale mail of fire resistance
 B - the +2 pair of boots of Lede {*Corrode Int+9}
   (You acquired it on level 11 of the Dungeon)

   It affects your intelligence (+9).
   It may corrode you when you take damage.
 G - a +0 scale mail
 J - a +0 hat of see invisible (worn)
 S - a +2 scale mail of poison resistance (worn)
Jewellery
 d - an uncursed amulet of guardian spirit
 f - the ring of Ranlasku {Fire +Fly Int+8 Dex-4}
   (You found it on level 7 of the Dungeon)

   [ring of fire]

   It enhances your fire magic.
   It affects your intelligence (+8).
   It affects your dexterity (-4).
   It protects you from fire.
   It makes you vulnerable to cold.
   It lets you fly.
 v - a +2 amulet of reflection
 w - a ring of protection from magic (left hand)
 K - the ring "Pumuc" (right hand) {*Drain rPois Dex+3}
   (You found it on level 10 of the Dungeon)

   [ring of poison resistance]

   It affects your dexterity (+3).
   It protects you from poison.
   It causes draining when unequipped.
 T - an amulet of faith (around neck)
Wands
 l - a wand of iceblast (8/15)
 x - a wand of acid (7/15)
 E - a wand of lightning (9/15)
 H - a wand of confusion (18/48)
 I - a wand of lightning (2/15)
 R - a wand of disintegration (6/24)
 V - a wand of lightning (8/15)
 W - a wand of teleportation (5/9)
Scrolls
 g - 4 scrolls of recharging
 j - 2 scrolls of enchant armour
 s - a scroll of vulnerability {unknown}
 M - 2 scrolls of remove curse
 N - a scroll of fog {unknown}
 P - a scroll of summoning
 Q - 2 scrolls of teleportation
Potions
 r - a potion of mutation {unknown}
 t - a potion of invisibility {unknown}
 A - a potion of degeneration {unknown}
 L - a potion of cancellation {unknown}
 U - a potion of brilliance
Comestibles
 c - 5 bread rations
 i - 11 meat rations
 m - 3 beef jerkies
 n - 5 fruits
 X - 4 royal jellies


   Skills:
 + Level 10.7(15.7) Fighting
 * Level 14.2(19.2) Long Blades
 + Level 10.2(15.2) Armour
 + Level 10.0(15.0) Dodging
 - Level 1.5(6.5) Stealth
 + Level 8.6 Invocations


You had 7 spell levels left.
You knew the following spells:

 Your Spells              Type           Power        Failure   Level  Hunger
a - Blink                 Tloc           N/A          99%         2    ###....
b - Repel Missiles        Chrm/Air       #.....       99%         2    ###....


Dungeon Overview and Level Annotations

Branches:
Dungeon (11/15)              Lair (6/6) D:11
 Temple: D:4-7        Swamp: Lair:2-4    Shoals: Lair:2-4     Snake: Lair:2-4
 Spider: Lair:2-4     Slime: Lair:5-6       Orc: D:9-12

Altars:
Okawaru
Sif Muna
Trog

Shops:
D:11 [

Annotations:
D:8 Psyche
Lair:1 Inverse's ghost, journeyman DsAr
Lair:5 exclusion: oklob plant


Innate Abilities, Weirdness & Mutations

You reflexively headbutt those who attack you in melee.
You have a pair of horns on your head.
You tend to lose your temper in combat.


Message History

The raiju shocks you!
* * * LOW HITPOINT WARNING * * *
The wolf bites you but does no damage.
Unknown command.
Unknown command.
You closely miss the raiju. You headbutt the raiju!
The raiju is heavily wounded.
Unknown command.
Unknown command.
Unknown command.
You hit the raiju but do no damage.
The raiju is heavily wounded.
The raiju bursts into living lightning!
The living lightning misses you.
The raiju blinks!
Unknown command.
Unknown command.
Unknown command.
The hell hound breathes flames at you. The blast of flame hits you!
You die...

##.#.# #.#h#. # #...% ###
.## ##.... ###.#...#.
#..... ##.†.†......
#%...h### ##.†.........
#..)§h@# #....#.#....#
##...h#####..##.#.##.##
##..##..#.##..####### #
#..##....#††.†#.)†#.####
##..†.....#....†...#...#
#...###...h#.#...........
#... #....#P##.#.#.#.....
... ##..#P##########...#
##.### ####P


You could see a raiju, a hell hound and a wolf.

Vanquished Creatures
  4 hydras
  Erica (D:8)
  Nergalle (Lair:2)
  An unseen horror (D:10)
  Pikel (D:5)
  A cyclops (D:11)
  A siren (Lair:4)
  2 torpor snails (Lair:6)
  A black mamba (Lair:1)
  4 spiny frogs
  A komodo dragon (Lair:6)
  A rime drake (Lair:6)
  2 raiju (Lair:6)
  7 polar bears (Lair:6)
  5 hippogriffs
  5 yaks (Lair:2)
  A wyvern (Lair:6)
  2 steam dragons
  A basilisk (Lair:2)
  A hungry ghost (D:9)
  Menkaure (D:4)
  A warg (Lair:6)
  A hell hound (Lair:6)
  4 water moccasins
  3 porcupines
  2 sky beasts (D:9)
  3 orc warriors
  2 ice beasts
  2 ogres
  12 black bears (Lair:6)
  12 wolves
  5 centaurs
  7 crocodiles
  9 bullfrogs
  8 gnoll sergeants (Bailey)
  A scorpion (D:8)
  6 killer bees (D:10)
  11 wights
  2 howler monkeys
  A crimson imp (D:10)
  4 orc priests
  12 hounds
  6 gnoll shamans (Bailey)
  5 orc wizards
  3 iguanas
  3 worker ants
  A killer bee zombie (D:10)
  14 gnolls (Bailey)
  3 adders
  32 river rats
  A shadow imp (D:7)
  An ooze (D:1)
  An adder skeleton (D:9)
  8 leopard geckos
  20 orcs
  4 giant cockroaches
  8 goblins
  12 jackals
  2 quokkas
  A frilled lizard (D:5)
  A kobold (D:2)
  2 quokka zombies (D:7)
  A rat (D:2)
  2 plants (Lair:6)
283 creatures vanquished.

Vanquished Creatures (collateral kills)
  4 wights (D:10)
  An iguana (D:10)
5 creatures vanquished.

Vanquished Creatures (others)
  An adder (D:8)
  3 fungi
  19 plants (Lair:6)
23 creatures vanquished.

Grand Total: 311 creatures vanquished

Notes
Turn   | Place    | Note
-------+----------+-------------------------------------------
     0 | D:1      | 4thArraOfDagon the Minotaur Monk began the quest for the Orb.
     0 | D:1      | Reached XP level 1. HP: 19/19 MP: 0/0
   106 | D:2      | Reached XP level 2. HP: 26/27 MP: 1/1
   244 | D:2      | Reached skill level 1 in Armour
   280 | D:2      | Reached skill level 4 in Long Blades
   360 | D:4      | Noticed Menkaure
   391 | D:4      | Killed Menkaure
   391 | D:4      | Reached skill level 5 in Long Blades
   391 | D:4      | Reached XP level 3. HP: 8/34 MP: 2/2
   391 | D:4      | Reached XP level 4. HP: 10/41 MP: 3/3
   391 | D:4      | Reached XP level 5. HP: 12/47 MP: 4/4
   426 | D:4      | Found an iron altar of Okawaru.
   435 | D:4      | Became a worshipper of Warmaster Okawaru
   435 | D:4      | Reached * piety under Okawaru
   435 | D:4      | Reached ** piety under Okawaru
   501 | D:4      | Reached skill level 1 in Invocations
   543 | D:4      | Noticed an ogre
   550 | D:5      | Entered Level 5 of the Dungeon
   570 | D:5      | Noticed an ogre
   574 | D:5      | Noticed a centaur
   587 | D:5      | Killed an ogre
   587 | D:5      | Reached XP level 6. HP: 52/55 MP: 2/6
   594 | D:5      | Reached skill level 6 in Long Blades
   667 | D:5      | Reached skill level 5 in Fighting
   792 | D:7      | Reached XP level 7. HP: 61/61 MP: 4/7
   809 | D:7      | Got a transparent granite ring
   810 | D:7      | Identified the ring of Ranlasku {Fire +Fly Int+8 Dex-4} (You found it on level 7 of the Dungeon)
   814 | D:7      | Got a dazzling flail
   840 | D:7      | Reached *** piety under Okawaru
   850 | D:7      | Found a bloodstained altar of Trog.
   894 | D:7      | Learned a level 2 spell: Blink
   897 | D:7      | Learned a level 2 spell: Repel Missiles
   897 | D:7      | Noticed a steam dragon
  1019 | D:8      | Reached skill level 7 in Long Blades
  1019 | D:8      | Reached skill level 5 in Dodging
  1126 | D:8      | Noticed Psyche
  1158 | D:7      | Killed a steam dragon
  1158 | D:7      | Reached XP level 8. HP: 20/70 MP: 6/9
  1262 | D:5      | Noticed Pikel
  1277 | D:5      | Killed Pikel
  1277 | D:5      | Reached **** piety under Okawaru
  1277 | D:5      | Reached skill level 8 in Long Blades
  1277 | D:5      | Reached skill level 5 in Armour
  1442 | D:8      | Noticed Erica
  1461 | D:8      | Killed Erica
  1461 | D:8      | Reached ***** piety under Okawaru
  1461 | D:8      | Reached skill level 9 in Long Blades
  1461 | D:8      | Reached XP level 9. HP: 42/79 MP: 9/11
  1504 | D:8      | Found a deep blue altar of Sif Muna.
  1510 | D:8      | Reached skill level 5 in Invocations
  1612 | D:9      | Reached skill level 10 in Long Blades
  1763 | D:9      | Gained mutation: You tend to lose your temper in combat. [mutagenic meat]
  1842 | D:10     | Entered Level 10 of the Dungeon
  1898 | D:10     | Reached XP level 10. HP: 71/88 MP: 13/13
  1963 | D:10     | Received a gift from Okawaru
  2170 | D:10     | Noticed an unseen horror
  2173 | D:10     | Killed an unseen horror
  2173 | D:10     | Reached skill level 11 in Long Blades
  2176 | D:10     | Got a twitching iron ring
  2177 | D:10     | Identified the ring "Pumuc" {*Drain rPois Dex+3} (You found it on level 10 of the Dungeon)
  2189 | D:11     | Identified a scroll of acquirement
  2190 | D:11     | Got a pair of polished boots
  2196 | D:11     | Identified the +2 pair of boots of Lede {*Corrode Int+9} (You acquired it on level 11 of the Dungeon)
  2248 | D:11     | Noticed a cyclops
  2250 | D:11     | Found a flagged portal.
  2255 | Bailey   | Entered a bailey
  2643 | D:11     | Killed a cyclops
  2684 | D:11     | Found Jur Vuo's Armour Shop.
  2743 | D:11     | Found a staircase to the Lair.
  2752 | Lair:1   | Entered Level 1 of the Lair of Beasts
  2752 | Lair:1   | Noticed a black mamba
  2756 | Lair:1   | Killed a black mamba
  2882 | Lair:1   | Noticed a spiny frog
  2888 | Lair:1   | Killed a spiny frog
  2888 | Lair:1   | Reached skill level 12 in Long Blades
  2905 | Lair:1   | Noticed Inverse's ghost (journeyman DsAr)
  3005 | Lair:2   | Reached XP level 11. HP: 69/97 MP: 12/15
  3143 | Lair:2   | Noticed Nergalle
  3164 | Lair:2   | Killed Nergalle
  3164 | Lair:2   | Received a gift from Okawaru
  3296 | Lair:3   | Noticed a six-headed hydra
  3304 | Lair:3   | Killed a three-headed hydra
  3423 | Lair:4   | Reached skill level 13 in Long Blades
  3451 | Lair:5   | Noticed an oklob plant
  3495 | Lair:5   | Noticed a four-headed hydra
  3503 | Lair:5   | Killed a one-headed hydra
  3541 | Lair:5   | Noticed an eight-headed hydra
  3553 | Lair:5   | Killed a two-headed hydra
  3559 | Lair:5   | Reached skill level 10 in Fighting
  3610 | Lair:6   | Entered Level 6 of the Lair of Beasts
  3691 | Lair:6   | Noticed a seven-headed hydra
  3702 | Lair:6   | Killed a four-headed hydra
  3702 | Lair:6   | Received a gift from Okawaru
  3702 | Lair:6   | Reached XP level 12. HP: 59/106 MP: 17/17
  3760 | Lair:6   | Found a runed door.
  3766 | Lair:6   | Noticed an ice dragon
  3905 | Lair:6   | Reached skill level 14 in Long Blades
  3918 | Lair:6   | Reached skill level 10 in Armour
  3969 | Lair:6   | Reached skill level 10 in Dodging
  3991 | Lair:6   | Received a gift from Okawaru
  4007 | Lair:6   | Killed from afar by a hell hound

Vault maps used:
D:1:      evilmike_arrival_plus
D:2:      uniq_sigmund
D:3:      first_bread, makhleb_altar_promises_db
D:4:      okawaru_ov_weapons_minmay, minmay_ruptured, uniq_menkaure
D:5:      gammafunk_temple_overflow_wave, kennysheep_cluttered_room,
          minmay_holes, uniq_pikel, uniq_blork_the_orc
D:6:      gup_sewer_entry_bubbles, uniq_edmund
D:7:      bloody_trog
D:8:      kennysheep_orc_sif_temple, nicolae_overflow_hidden_temple,
          grunt_livestock, uniq_psyche, uniq_erica
D:10:     minmay_stone_box
D:11:     lair_0_dummy, enter_bailey_3, serial_shops, nicolae_shop_stone
Lair:1:   serial_bayou_shore_b, lemuel_fruit_tree
Lair:2:   patterned_corridor, bh_autumn_forest_stairs, uniq_nergalle
Lair:3:   nicolae_spider_entry_orb_guardian
Lair:4:   elwin_shoals_entry_rooms, lemuel_oklob_altar
Lair:5:   slime_altar_1, minivault_23, minivault_26
Lair:6:   hangedman_lair_caniforms_friends, wormcave, uniq_rupert, uniq_kirke
Bailey:   bailey_polearm_gnolls_kennysheep, bailey

Skill      XL: |  1  2  3  4  5  6  7  8  9 10 11 12 |
---------------+-------------------------------------+-----
Armour         | 2 3 4 5 6 8 9 10 | 10.2
Long Blades    | 5 6 7 9 10 12 13 14 | 14.2
Fighting       | 4 5 7 9 10 | 10.7
Dodging        | 4 5 6 7 8 9 10 | 10.0
Invocations    | 1 2 3 4 5 7 8 |  8.6
Stealth        | |  1.5

Action                   |  1- 3 |  4- 6 |  7- 9 | 10-12 || total
-------------------------+-------+-------+-------+-------++-------
Melee: Falchion          |    30 |       |       |       ||    30
       Long sword        |    11 |    57 |       |       ||    68
       Headbutt          |     7 |     9 |    36 |   167 ||   219
       Punch             |       |     1 |       |    15 ||    16
       Great sword       |       |     2 |   111 |       ||   113
       Scimitar          |       |       |    84 |   574 ||   658
Throw: Throwing net      |     2 |       |       |     2 ||     4
Invok: Heroism           |       |     2 |    12 |    29 ||    43
       Finesse           |       |       |       |     6 ||     6
Evoke: Wand              |       |       |     2 |     1 ||     3
  Use: Scroll            |     5 |     4 |     4 |     3 ||    16
       Potion            |     2 |     1 |     1 |     3 ||     7
 Stab: Held in net/web   |       |       |       |     3 ||     3
       Distracted        |       |       |       |     1 ||     1
  Eat: Chunk             |       |       |     3 |     3 ||     6
       Royal jelly       |       |       |     1 |       ||     1
       Pizza             |       |       |     1 |       ||     1
       Fruit             |       |       |       |    13 ||    13
       Beef jerky        |       |       |       |     1 ||     1
Armor: Chain mail        |    27 |    24 |    39 |       ||    90
       Robe              |     1 |       |       |       ||     1
       Scale mail        |       |       |    43 |   100 ||   143
Dodge: Dodged            |    19 |    31 |    98 |   355 ||   503
Block: Other             |       |       |     8 |     7 ||    15
